 Dungeon Crawl Stone Soup version 0.28.0-47-ge53b351184 (webtiles) character file.

Game seed: 1884730182983675215

86 Iusername the Skirmisher (level 4, -5/41 HPs)
             Began as a Minotaur Fighter on May 6, 2022.
             Slain by a yak (12 damage)
             ... on level 4 of the Dungeon.
             The game lasted 00:02:20 (2361 turns).

Iusername the Skirmisher (Minotaur Fighter)         Turns: 2361, Time: 00:02:21

Health: -5/41      AC:  7    Str: 22    XL:     4   Next: 27%
Magic:  3/3        EV:  9    Int:  5    God:
Gold:   100        SH:  4    Dex: 10    Spells: 3/3 levels left

rFire   . . .      SeeInvis .   (no weapon)
rCold   . . .      Faith    .   c - +0 buckler
rNeg    . . .      Spirit   .   b - +0 scale mail
rPois   .          Reflect  .   (helmet restricted)
rElec   .          Harm     .   (no cloak)
rCorr   .          Rampage  .   (no gloves)
Will    .....                   (no boots)
Stlth   ..........              (no amulet)
HPRegen 0.13/turn               (no ring)
MPRegen 0.08/turn               (no ring)

@: mighty
A: horns 2, retaliatory headbutt
a: no special abilities


You were on level 4 of the Dungeon.
You visited 1 branch of the dungeon, and saw 4 of its levels.

You collected 100 gold pieces.

Inventory:

Hand Weapons
 a - a +0 war axe
Armour
 b - a +0 scale mail (worn)
 c - a +0 buckler (worn)
 q - a +0 pair of gloves
Jewellery
 h - a ring of flight
Scrolls
 e - 2 scrolls of teleportation {unknown}
 f - a scroll of enchant armour {unknown}
 k - 2 scrolls of identify {unknown}
 l - a scroll of magic mapping {unknown}
 n - 3 scrolls of enchant weapon {unknown}
 p - a scroll of immolation {unknown}
Potions
 g - 2 potions of curing {unknown}
 i - a potion of resistance {unknown}
 j - a potion of brilliance {unknown}
 m - a potion of invisibility {unknown}
 o - a potion of degeneration {unknown}


   Skills:
 + Level 4.4 Fighting
 + Level 3.4 Axes
 + Level 4.4 Armour
 + Level 4.3 Shields


You had 3 spell levels left.
You didn't know any spells.
Your spell library contained the following spells:

 Spells                   Type           Power      Damage    Failure   Level
 Animate Skeleton         Necr           0%         N/A       87%         1
 Apportation              Tloc           0%         N/A       87%         1
 Summon Small Mammal      Summ           0%         N/A       87%         1
 Gell's Gravitas          Tloc           0%         N/A       99%         3
 Teleport Other           Tloc           0%         N/A       99%         3
 Dispersal                Tloc           0%         N/A       100%        6


Dungeon Overview and Level Annotations

Branches:
Dungeon (4/15)
 Temple: D:4-7

Altars:


Innate Abilities, Weirdness & Mutations

You have a pair of horns on your head.
You reflexively headbutt those who attack you in melee.


Message History

There is a stone staircase leading up here.
You feel very mighty all of a sudden.
An orc comes into view. It is wielding a +0 whip.
Found 19 sling bullets.
A kobold comes into view. It is wielding a +0 dagger.
The kobold shouts!
A yak comes into view.
You block the yak's attack.
An endoplasm comes into view.
The endoplasm quivers.
You hit the yak.
The yak is lightly wounded.
You barely miss the yak.
A yak comes into view.
The yak gores you! The yak completely misses you. You furiously retaliate!
You headbutt the yak!
The kobold throws a stone.
The stone hits you.
The yak bellows!
You hit the yak. You headbutt the yak.
The yak is moderately wounded.
You barely miss the yak. You slash the orc!
You kill the orc!
The yak barely misses you. You furiously retaliate!
You headbutt the yak! The yak gores you!
A yak comes into view.
Unknown command.
Unknown command.
You are too injured to fight recklessly!
You are now empty-handed.
The yak gores you. The yak gores you!
* * * LOW HITPOINT WARNING * * *
Unknown command.
You are too injured to fight recklessly!
Unknown command.
Unknown command.
Unknown command.
You are too injured to fight recklessly!
Unknown command.
You are too injured to fight recklessly!
Unknown command.
The yak gores you!
You die...

. ....#
.## #...#
... #Y..#
#.###...#
#...#Y..
#.Y.##
#Y..#
##Y#.#
#.@#.#
#.##.#
...# K#
##... .#
#.#. J.
.. ....
##. .. #.
###


You could see 5 yaks.

Vanquished Creatures
  A white imp (D:3)
  3 dart slugs
  An orc (D:4)
  6 endoplasms
  3 giant cockroaches
  7 goblins
  6 hobgoblins
  5 jackals
  6 kobolds
  4 quokkas
  5 ball pythons
  6 bats
  5 frilled lizards
  7 rats
65 creatures vanquished.

Notes
Turn   | Place    | Note
-------+----------+-------------------------------------------
     0 | D:1      | Iusername the Minotaur Fighter began the quest for the Orb.
     0 | D:1      | Reached XP level 1. HP: 19/19 MP: 0/0
   219 | D:1      | Reached XP level 2. HP: 22/27 MP: 1/1
   695 | D:1      | Found a faded altar of an unknown god.
   745 | D:1      | Reached XP level 3. HP: 25/33 MP: 2/2
  1872 | D:3      | Reached XP level 4. HP: 41/41 MP: 3/3
  2351 | D:4      | Noticed a yak
  2351 | D:4      | Noticed a yak
  2355 | D:4      | Noticed a yak
  2356 | D:4      | Noticed a yak
  2357 | D:4      | Noticed a yak
  2361 | D:4      | Slain by a yak

Illustrated notes

Levels and vault maps discovered:
D:1:      dpeg_arrival_simpleton_c, layout_basic,
          shapermc_ecumenical_altar_ellora
D:2:      layout_basic
D:3:      layout_basic
D:4:      layout_rooms, kennysheep_mini_moat, minmay_temple_entry_waves

Skill      XL: |  1  2 |
---------------+-------+-----
Armour         | 4 |  4.4
Fighting       | 4 |  4.4
Shields        | 4 |  4.3
Axes           | 3 |  3.4

Action                   |  1- 3 |  4- 6 || total
-------------------------+-------+-------++-------
Melee: War axe           |   111 |    20 ||   131
       Headbutt          |    16 |     2 ||    18
  Use: Potion            |       |     1 ||     1
Armor: Scale mail        |    64 |    12 ||    76
Dodge: Dodged            |    44 |     8 ||    52
Block: Buckler           |    22 |     5 ||    27
